 Dungeon Crawl Stone Soup version 0.30-a0-715-gdb4ae3ece1 (webtiles) character file.

Game seed: 18172056782857899932

732 Darius099 the Trooper (level 7, -24/44 HPs)
             Began as a Gargoyle Fighter on Jan 23, 2023.
             Was an Initiate of Okawaru.
             Annihilated by an ogre
             ... wielding a +0 giant spiked club
              (28 damage)
             ... on level 5 of the Dungeon.
             The game lasted 00:10:57 (4270 turns).

Darius099 the Trooper (Gargoyle Fighter)            Turns: 4270, Time: 00:10:57

Health: -24/44     AC: 18    Str: 19    XL:     7   Next: 73%
Magic:  7/7        EV:  6    Int:  9    God:    Okawaru [......]
Gold:   150        SH:  5    Dex: 11    Spells: 6/6 levels left

rFire   . . .      SeeInvis .    a - +0 flail
rCold   . . .      Faith    .    c - +0 buckler
rNeg    + . .      Spirit   .    o - +0 plate armour
rPois   ∞          Reflect  .    (no helmet)
rElec   +          Harm     .    (no cloak)
rCorr   .          Rampage  .    (no gloves)
Will    .....                    n - +0 pair of boots Stlth
                                 (no amulet)
HPRegen 0.27/turn                (no ring)
MPRegen 0.10/turn                (no ring)

@: no status effects
A: sickness immunity, AC +4, negative energy resistance 1, electricity
resistance, torment resistance 1, petrification resistance
a: Renounce Religion


You were on level 5 of the Dungeon.
You worshipped Okawaru.
Okawaru was noncommittal.
You visited 2 branches of the dungeon, and saw 6 of its levels.
You also visited: Sewer.

You collected 150 gold pieces.

Inventory:

Hand Weapons
 a - a +0 flail (weapon)
Armour
 c - a +0 buckler (worn)
 n - a +0 pair of boots (worn)
 o - a +0 plate armour (worn)
Scrolls
 e - a scroll of magic mapping {unknown}
 h - a scroll of identify
 j - a scroll of blinking
 l - 4 scrolls of enchant armour {unknown}
 m - 2 scrolls of vulnerability {unknown}
 p - a scroll of teleportation {unknown}
 r - a scroll of torment {unknown}
Potions
 b - 2 potions of heal wounds
 d - 2 potions of might
 f - 3 potions of haste
 g - 4 potions of curing
 i - a potion of lignification
 k - a potion of mutation
 q - 2 potions of magic


   Skills:
 + Level 5.3 Fighting
 + Level 4.1 Maces & Flails
 + Level 5.2 Armour
 + Level 2.6 Dodging
 + Level 5.2 Shields


You had 6 spell levels left.
You didn't know any spells.
Your spell library contained the following spells:

 Spells                   Type           Power      Damage    Failure   Level
 Poisonous Vapours        Pois/Air       0%         N/A       100%        2
 Gell's Gravitas          Tloc           0%         N/A       100%        3
 Mephitic Cloud           Conj/Pois/Air  0%         N/A       100%        3
 Stone Arrow              Conj/Erth      0%         3d7       100%        3
 Teleport Other           Tloc           0%         N/A       100%        3
 Alistair's Intoxication  Tmut/Pois      0%         N/A       100%        5
 Borgnjor's Vile Clutch   Necr/Erth      0%         N/A       100%        5
 Dispersal                Tloc           0%         N/A       100%        6
 Eringya's Noxious Bog    Tmut/Pois      0%         N/A       100%        6
 Lehudib's Crystal Spear  Conj/Erth      0%         10d2      100%        8
 Cigotuvi's Dreadful Rot  Necr/Pois/Air  Unusable   N/A       N/A         2
 Animate Armour           Summ/Erth      Unusable   N/A       N/A         4

Dungeon Overview and Level Annotations

Branches:
Dungeon (5/15)             Temple (1/1) D:4           Sewer (visited)

Altars:
Dithmenos
Elyvilon
Fedhas
Gozag
Hepliaklqana
Kikubaaqudgha
Nemelex Xobeh
Okawaru
Qazlal
Ru
Sif Muna
Uskayaw
Vehumet
Wu Jian
Xom
Yredelemnul
The Shining One


Innate Abilities, Weirdness & Mutations

You are immune to sickness and miasma.
Your stone body is resilient. (AC +4)
You are immune to poison.
You resist negative energy. (rN+)
You are resistant to electric shocks. (rElec)
You are resistant to unholy torment.
You are immune to petrification.


Message History

It was a scroll of blinking.
You now have 150 gold pieces (gained 11).
As you read the scroll of identify, it crumbles to dust.
q - 2 potions of magic
As you read the scroll of identify, it crumbles to dust.
b - 2 potions of heal wounds
As you read the scroll of identify, it crumbles to dust.
k - a potion of mutation
As you read the scroll of identify, it crumbles to dust.
i - a potion of lignification An ogre comes into view.
It is wielding a +0 giant spiked club.
The ogre shouts!
The ogre moves out of view.
You hit the ogre.
The ogre is lightly wounded.
The ogre barely misses you.
You hit the ogre.
The ogre is moderately wounded.
The ogre closely misses you.
You completely miss the ogre.
The ogre is moderately wounded.
You hit the ogre.
The ogre is heavily wounded.
The ogre hits you with a +0 giant spiked club!!
You hit the ogre.
The ogre is severely wounded.
The ogre hits you with a +0 giant spiked club.
You hit the ogre.
The ogre is almost dead.
The ogre hits you with a +0 giant spiked club!
* * * LOW HITPOINT WARNING * * *
You barely miss the ogre.
The ogre is almost dead.
The ogre hits you with a +0 giant spiked club.
* * * LOW HITPOINT WARNING * * *
You completely miss the ogre.
The ogre is almost dead.
The ogre hits you with a +0 giant spiked club!!
Ouch! That really hurt!
You die...

.. .. # ....# ... ##.
####.#... .... #..
#........ ....###.####
#......# #.........#
#......#
##.........#####......#
......................#
#.........#####@.....#
#.........# #.O....#
#.........# #......#
#.....<...# #......#
#.........# ########
#.........# ###########


You could see an ogre.

Vanquished Creatures
  A phantom (D:4)
  2 bullfrogs (Sewer)
  2 hounds (D:4)
  3 orc priests (D:4)
  An iguana (D:4)
  2 orc wizards (D:4)
  Robin (D:2)
  10 adders
  3 river rats (Sewer)
  6 worms
  2 dart slugs
  13 orcs
  12 bats
  11 endoplasms
  5 giant cockroaches
  12 goblins
  6 hobgoblins
  4 jackals (D:2)
  3 quokkas (D:2)
  18 ball pythons
  7 frilled lizards
  6 kobolds
  24 rats
154 creatures vanquished.

Notes
Turn   | Place    | Note
-------+----------+-------------------------------------------
     0 | D:1      | Darius099 the Gargoyle Fighter began the quest for the Orb.
     0 | D:1      | Reached XP level 1. HP: 14/14 MP: 1/1
   137 | D:1      | Reached XP level 2. HP: 19/19 MP: 2/2
   268 | D:1      | Found a faded altar of an unknown god.
   974 | D:2      | Reached XP level 3. HP: 13/23 MP: 3/3
  1275 | D:2      | Reached XP level 4. HP: 29/29 MP: 4/4
  1421 | D:2      | Noticed Robin
  1469 | D:2      | HP: 1/29 [Robin/+0 spear (4)]
  1475 | D:2      | Killed Robin
  1476 | D:2      | Reached skill level 1 in Dodging
  2012 | D:3      | Reached XP level 5. HP: 33/33 MP: 5/5
  2394 | D:3      | Found a glowing drain.
  2441 | Sewer    | Entered a sewer
  2773 | Sewer    | Reached XP level 6. HP: 36/39 MP: 6/6
  3299 | D:4      | Reached XP level 7. HP: 44/44 MP: 7/7
  3390 | D:4      | Found a staircase to the Ecumenical Temple.
  3408 | D:4      | Reached skill level 5 in Fighting
  3408 | D:4      | Reached skill level 5 in Shields
  3418 | Temple   | Entered the Ecumenical Temple
  3527 | Temple   | Became a worshipper of Warmaster Okawaru
  3547 | D:4      | Reached skill level 5 in Armour
  3906 | D:4      | Found a hide-covered altar of Uskayaw.
  3908 | D:4      | Found an opulent altar of Gozag.
  3911 | D:4      | Found a sparkling altar of Nemelex Xobeh.
  3963 | D:4      | Found a stormy altar of Qazlal.
  3965 | D:4      | Found a glowing golden altar of the Shining One.
  3967 | D:4      | Found an ancient bone altar of Kikubaaqudgha.
  3969 | D:4      | Found an ornate altar of the Wu Jian Council.
  3973 | D:4      | Found a white marble altar of Elyvilon.
  3988 | D:4      | Found a shimmering blue altar of Sif Muna.
  4244 | D:5      | Entered Level 5 of the Dungeon
  4270 | D:5      | Annihilated by an ogre

Illustrated notes

Levels and vault maps discovered:
D:1:      mainiacjoe_arrival_reflecting_pool, layout_loops_corners,
          hellmonk_ecumenical_altar_zigzags
D:2:      layout_loops_ring, minmay_tiny_reverse_x, uniq_robin
D:3:      layout_rooms, cheibrodos_sewer_entry_bend
D:4:      layout_loops_ring, nicolae_overflow_hallway_of_the_gods,
          temple_fountains, due_unseen_surprise
D:5:      layout_rooms, uniq_duvessa
Temple:   nicolae_temple_superstar

Skill      XL: |  1  2  3  4  5  6  7 |
---------------+----------------------+-----
Armour         | 4 5 |  5.2
Shields        | 4 5 |  5.2
Fighting       | 4 5 |  5.3
Dodging        | 1 2 |  2.6
Maces & Flails | 3 4 |  4.1

Action                     |  1- 3 |  4- 6 |  7- 9 || total
---------------------------+-------+-------+-------++-------
  Melee: Flail             |   124 |   352 |   114 ||   590
    Use: Potion            |       |     2 |       ||     2
         Scroll            |       |       |     6 ||     6
 Armour: Scale mail        |    92 |   136 |       ||   228
         Plate armour      |       |   290 |    92 ||   382
  Dodge: Dodged            |    54 |   193 |    42 ||   289
  Block: Buckler           |    27 |   125 |    30 ||   182

Table legend: (Time is in decaauts)
 A = Elapsed time spent in this place.
 B = Non-inter-level travel time spent in this place.
 C = Inter-level travel time spent in this place.
 D = Time resting spent in this place.
 E = Time spent auto-exploring this place.
 F = Levels seen in this place.
 G = Mean time per level.
                   A        B        C        D        E       F      G
               +--------+--------+--------+--------+--------+-----+--------+
         Total |   4490 |   4353 |    137 |    548 |   2110 |   7 |  641.4 |
       Dungeon |   3760 |   3643 |    117 |    359 |   2009 |   5 |  752.0 |
        Temple |    118 |     98 |     20 |      0 |     80 |   1 |  118.0 |
         Sewer |    611 |    611 |      0 |    189 |     21 |   1 |  611.0 |
               +--------+--------+--------+--------+--------+-----+--------+

Top non-repeatable levels by time:
     D:4: 1122 daAuts
     D:2: 1059 daAuts
     D:1: 937 daAuts
     D:3: 613 daAuts
   Sewer: 611 daAuts
  Temple: 118 daAuts
     D:5: 27 daAuts
